 Dungeon Crawl Stone Soup version 0.30-a0-364-gf6b3ef1049 (webtiles) character file.

Game seed: 1094356296401019764

709 marietta the Cudgeller (level 7, -8/46 HPs)
             Began as a Gargoyle Cinder Acolyte on Nov 14, 2022.
             Was a Priest of Ignis.
             Mangled by an orc warrior
             ... wielding a +0 glaive
              (15 damage)
             ... on level 5 of the Dungeon.
             The game lasted 00:11:24 (5126 turns).

marietta the Cudgeller (Gargoyle Cinder Acolyte)    Turns: 5126, Time: 00:11:24

Health: -8/46      AC: 10    Str: 18    XL:     7   Next: 68%
Magic:  8/8        EV: 10    Int: 16    God:    Ignis [***...]
Gold:   122        SH:  0    Dex:  5    Spells: 6/8 levels left

rFire   + . .      SeeInvis +    b - +2 dagger (venom)
rCold   . . .      Faith    .    (no shield)
rNeg    + . .      Spirit   .    x - +0 ring mail
rPois   ∞          Reflect  .    (no helmet)
rElec   +          Harm     .    t - +0 cloak
rCorr   .          Rampage  .    (no gloves)
Will    .....                    (no boots)
Stlth   ..........               (no amulet)
HPRegen 0.27/turn                c - ring of see invisible
MPRegen 0.11/turn                m - ring of wizardry

@: no status effects
A: sickness immunity, AC +4, negative energy resistance 1, electricity
resistance, torment resistance 1, petrification resistance
a: Renounce Religion, Fiery Armour, Foxfire Swarm


You were on level 5 of the Dungeon.
You worshipped Ignis.
Ignis was most pleased with you.
You visited 1 branch of the dungeon, and saw 5 of its levels.
You also visited: Sewer.

You collected 287 gold pieces.
You spent 165 gold pieces at shops.

Inventory:

Hand Weapons
 a - a -1 mace of flaming
 b - a +2 dagger of venom (weapon)
Armour
 t - a +0 cloak (worn)
 u - a +0 robe
 x - a +0 ring mail (worn)
Jewellery
 c - a ring of see invisible (left hand)
 m - a ring of wizardry (right hand)
Scrolls
 d - 2 scrolls of noise
 f - a scroll of identify
 i - a scroll of brand weapon {unknown}
 j - 2 scrolls of amnesia {unknown}
 l - a scroll of magic mapping
 p - a scroll of immolation {unknown}
 v - a scroll of enchant weapon {unknown}
 y - 3 scrolls of teleportation {unknown}
 z - a scroll of vulnerability
 A - 2 scrolls of fear {unknown}
 B - 2 scrolls of poison {unknown}
Potions
 e - 5 potions of degeneration
 g - 5 potions of attraction
 h - a potion of might
 k - 4 potions of curing
 n - a potion of mutation
 o - 6 potions of flight
 q - a potion of lignification
 r - a potion of invisibility
 s - 2 potions of haste


   Skills:
 + Level 6.1 Fighting
 * Level 7.3 Maces & Flails
 - Level 1.0 Spellcasting
 - Level 3.0 Fire Magic


You had 6 spell levels left.
You knew the following spells:

 Your Spells              Type           Power      Damage    Failure   Level
a - Scorch                Fire           20%        2d6       8%          2

Your spell library contained the following spells:

 Spells                   Type           Power      Damage    Failure   Level
 Gell's Gravitas          Tloc           0%         N/A       43%         3
 Lesser Beckoning         Tloc           0%         N/A       43%         3
 Teleport Other           Tloc           0%         N/A       43%         3


Dungeon Overview and Level Annotations

Branches:
Dungeon (5/15)              Sewer (visited)
 Temple: D:4-7

Altars:
Yredelemnul
The Shining One

Shops:
D:3 !


Innate Abilities, Weirdness & Mutations

You are immune to sickness and miasma.
Your stone body is resilient. (AC +4)
You are immune to poison.
You resist negative energy. (rN+)
You are resistant to electric shocks. (rElec)
You are resistant to unholy torment.
You are immune to petrification.


Message History

Press: ? - help, Q - select action, (/) - cycle Shift-Dir - straight line, f/p - orc warrior
Aim: an orc warrior, wielding a +0 glaive and wearing a +0 plate armour (lightly wounded, 54% to hit)
You throw a javelin.
The javelin pierces through the orc warrior but does no damage.
The orc warrior is lightly wounded.
Throw: javelin
Press: ? - help, Q - select action, (/) - cycle Shift-Dir - straight line, f/p - orc warrior
Aim: an orc warrior, wielding a +0 glaive and wearing a +0 plate armour (lightly wounded, 54% to hit)
You throw a javelin.
The javelin pierces through the orc warrior but does no damage.
The orc warrior is lightly wounded.
The orc warrior hits you from afar with a +0 glaive!!
The orc warrior barely misses you.
You barely miss the orc warrior.
The orc warrior is lightly wounded.
An orc comes into view. It is wielding a +0 hand axe.
The orc warrior barely misses you.
The orc shouts!
You hit the orc warrior but do no damage.
The orc warrior is lightly wounded.
The orc warrior hits you but does no damage.
You closely miss the orc warrior.
The orc warrior is lightly wounded.
The orc warrior hits you with a +0 glaive.
You barely miss the orc warrior.
The orc warrior is lightly wounded.
The orc warrior hits you with a +0 glaive!
* * * LOW HITPOINT WARNING * * *
You hit the orc warrior but do no damage.
The orc warrior is poisoned.
The orc warrior is lightly wounded.
The orc warrior closely misses you.
You hit the orc warrior but do no damage.
The orc warrior is lightly wounded.
The orc warrior drinks a potion.
The orc warrior is healed!
The orc warrior looks more healthy.
The orc warrior attacks as you move away!
The orc warrior barely misses you.
The orc warrior hits you from afar with a +0 glaive!
You die...

#.........# #####
#.#..####.# ##...##
#..####.# ##.###.##
#....##.###.## ##..
####........# #.#
#....##.#...## ##..
#..####......###).#
#.#..####.#...#...#..
#...@.oo((##.########
##.#########.# #..
#.# #.. #'# ... ..
... .. ... # ####
+...


You could see an orc warrior and an orc.

Vanquished Creatures
  Eustachio (D:5)
  A centaur (D:5)
  2 hounds (D:4)
  2 orc priests
  Natasha (twice) (D:2)
  An orc wizard (D:5)
  3 gnolls (D:3)
  13 adders
  4 river rats (Sewer)
  3 worms
  3 dart slugs
  6 orcs
  9 endoplasms
  5 giant cockroaches
  14 goblins
  3 hobgoblins
  4 jackals
  4 kobolds
  5 quokkas
  13 ball pythons
  10 bats
  10 frilled lizards
  6 rats
124 creatures vanquished.

Vanquished Creatures (others)
  2 foxfires (D:5)
2 creatures vanquished.

Grand Total: 126 creatures vanquished

Notes
Turn   | Place    | Note
-------+----------+-------------------------------------------
     0 | D:1      | marietta the Gargoyle Cinder Acolyte began the quest for
                  | the Orb.
     0 | D:1      | Reached XP level 1. HP: 14/14 MP: 2/2
   212 | D:1      | Reached XP level 2. HP: 14/19 MP: 3/3
   240 | D:1      | Learned a level 2 spell: Scorch
   369 | D:1      | Found a faded altar of an unknown god.
   463 | D:1      | Reached XP level 3. HP: 24/24 MP: 4/4
   705 | D:2      | Reached skill level 4 in Maces & Flails
   899 | D:2      | Noticed Natasha
   922 | D:2      | Killed Natasha
   923 | D:2      | Reached XP level 4. HP: 23/29 MP: 3/5
   936 | D:2      | Noticed Natasha
   941 | D:2      | Killed Natasha
   984 | D:2      | Found a glowing golden altar of the Shining One.
  1332 | D:3      | Found Coiry Dasm's Distillery.
  1338 | D:3      | Bought a potion of heal wounds for 55 gold pieces
  1338 | D:3      | Bought a potion of haste for 110 gold pieces
  1365 | D:3      | Reached XP level 5. HP: 29/34 MP: 3/6
  1550 | D:3      | Reached skill level 5 in Maces & Flails
  2064 | D:3      | Reached XP level 6. HP: 19/40 MP: 5/7
  2163 | D:3      | Reached skill level 5 in Fighting
  2276 | D:3      | Found a basalt altar of Yredelemnul.
  2850 | D:4      | Reached skill level 6 in Maces & Flails
  3112 | D:4      | Found a glowing drain.
  3133 | Sewer    | Entered a sewer
  3694 | Sewer    | Reached XP level 7. HP: 43/44 MP: 8/8
  4338 | D:5      | Entered Level 5 of the Dungeon
  4472 | D:5      | HP: 2/45 [water moccasin (6)]
  4828 | D:5      | Noticed Eustachio
  4861 | D:5      | Killed Eustachio
  4862 | D:5      | Reached skill level 7 in Maces & Flails
  5126 | D:5      | Mangled by an orc warrior

Illustrated notes

Levels and vault maps discovered:
D:1:      elethiomel_arrival_shortcut, layout_rooms,
          hellmonk_ecumenical_altar_lost_god, minmay_tripent
D:2:      layout_loops_cross, basic_altar, nrook_loot_triangle, uniq_natasha
D:3:      layout_loops_ring, lemuel_doored_altar, serial_shops, shop,
          corexii_corridor_pit
D:4:      layout_basic, portal_sewer_entry_f, dk_rats_in_the_wall
D:5:      layout_loops_corners, uniq_eustachio

Skill      XL: |  1  2  3  4  5  6  7 |
---------------+----------------------+-----
Maces & Flails | 4 5 6 7 |  7.3
Fighting       | 4 5 6 |  6.1
Spellcasting   | |  1.0
Fire Magic     | |  3.0

Action                   |  1- 3 |  4- 6 |  7- 9 || total
-------------------------+-------+-------+-------++-------
Melee: Mace              |    88 |    51 |       ||   139
       Punch             |       |     7 |     1 ||     8
       Dagger            |       |   246 |    91 ||   337
Throw: Javelin           |       |     3 |     3 ||     6
 Cast: Scorch            |     6 |     4 |       ||    10
Invok: Fiery Armour      |     1 |     1 |       ||     2
       Foxfire Swarm     |       |       |     2 ||     2
       Rising Flame      |       |       |     1 ||     1
  Use: Scroll            |       |       |     9 ||     9
       Potion            |       |       |     2 ||     2
Armor: Robe              |    34 |    54 |       ||    88
       Ring mail         |       |   119 |    74 ||   193
Dodge: Dodged            |    57 |   233 |    75 ||   365

Table legend: (Time is in decaauts)
 A = Elapsed time spent in this place.
 B = Non-inter-level travel time spent in this place.
 C = Inter-level travel time spent in this place.
 D = Time resting spent in this place.
 E = Time spent auto-exploring this place.
 F = Levels seen in this place.
 G = Mean time per level.
                   A        B        C        D        E       F      G
               +--------+--------+--------+--------+--------+-----+--------+
         Total |   5329 |   5026 |    303 |    849 |   2997 |   6 |  888.2 |
       Dungeon |   4393 |   4090 |    303 |    764 |   2400 |   5 |  878.6 |
         Sewer |    935 |    935 |      0 |     85 |    597 |   1 |  935.0 |
               +--------+--------+--------+--------+--------+-----+--------+

Top non-repeatable levels by time:
     D:4: 1268 daAuts
     D:3: 1058 daAuts
     D:2: 1006 daAuts
   Sewer: 935 daAuts
     D:1: 567 daAuts
     D:5: 493 daAuts
